 Dungeon Crawl Stone Soup version 0.27.1-33-g824d729ab1 (webtiles) character file.

Game seed: 18021859194542303017

122 zeram the Covered (level 5, -2/33 HPs)
             Began as a Gargoyle Fighter on Dec 23, 2021.
             Slain by an iguana (8 damage)
             ... on level 4 of the Dungeon.
             The game lasted 00:02:30 (3158 turns).

zeram the Covered (Gargoyle Fighter)                Turns: 3158, Time: 00:02:31

Health: -2/33      AC: 11    Str: 17 (20) XL:     5   Next: 6%
Magic:  5/5        EV:  7    Int: 11 (13) God:
Gold:   113        SH:  8    Dex:  8 (9)  Spells: 4/4 levels left

rFire    . . .     SeeInvis .   a - +0 flail
rCold    . . .     Faith    .   c - +0 kite shield
rNeg     + . .     Spirit   .   b - +0 scale mail
rPois    ∞         Reflect  .   (no helmet)
rElec    +         Harm     .   (no cloak)
rCorr    .         Rampage  .   (no gloves)
Will     .....                  (no boots)
Stlth    ..........             (no amulet)
HPRegen  0.11/turn              i - +6 ring of intelligence
MPRegen  0.09/turn              (no ring)

@: mighty
A: sickness immunity, AC +4, negative energy resistance 1, electricity
resistance, torment resistance 1, petrification resistance, dopey 1
a: no special abilities


You were on level 4 of the Dungeon.
You visited 1 branch of the dungeon, and saw 4 of its levels.

You collected 113 gold pieces.

Inventory:

Hand Weapons
 a - a +0 flail (weapon)
Missiles
 e - 105 stones (quivered)
Armour
 b - a +0 scale mail (worn)
 c - a +0 kite shield (worn)
Jewellery
 i - a +6 ring of intelligence (left hand)
Scrolls
 f - a scroll of torment
 j - a scroll of amnesia


   Skills:
 + Level 3.9 Fighting
 + Level 3.0 Maces & Flails
 + Level 4.0 Armour
 + Level 0.7 Dodging
 * Level 2.0 Stealth
 + Level 3.8 Shields


You had 4 spell levels left.
You didn't know any spells.
Your spell library contained the following spells:

 Spells                   Type           Power      Damage    Failure   Level
 Beastly Appendage        Tmut           0%         N/A       99%         1
 Magic Dart               Conj           0%         1d3       99%         1
 Searing Ray              Conj           0%         3d3       100%        2
 Wereblood                Tmut           0%         N/A       100%        2
 Call Canine Familiar     Summ           0%         N/A       100%        3
 Portal Projectile        Hex/Tloc       0%         N/A       100%        3
 Spider Form              Tmut/Pois      0%         N/A       100%        3
 Fulminant Prism          Conj/Hex       0%         3d6       100%        4
 Leda's Liquefaction      Hex/Erth       0%         N/A       100%        4


Dungeon Overview and Level Annotations

Branches:
Dungeon (4/15)
 Temple: D:4-7

Altars:
Hepliaklqana


Innate Abilities, Weirdness & Mutations

You are immune to sickness and miasma.
Your stone body is resilient. (AC +4)
You are immune to poison.
You resist negative energy. (rN+)
You are resistant to electric shocks. (rElec)
You are resistant to unholy torment.
You are immune to petrification.
You are dopey. (Int -2)


Message History

An orc comes into view. It is wielding a +0 short sword.
The orc shouts!
You hear a shout!
An orc priest comes into view. It is wielding a +0 hand axe.
An orc comes into view. It is wielding a +0 whip.
The orc shouts!
You hear a shout!
An orc comes into view. It is wielding a +0 short sword.
An orc comes into view. It is wielding a +0 dagger.
You barely miss the iguana.
The iguana bites you but does no damage.
You barely miss the iguana. You block the iguana's attack.
The iguana bites you!
You closely miss the iguana. The orc hits you but does no damage.
The iguana bites you but does no damage.
You hit the orc priest but do no damage.
The orc hits you but does no damage. The iguana closely misses you.
The orc priest barely misses you. The iguana bites you!
The orc barely misses you. You block the orc priest's attack.
You feel very mighty all of a sudden. You block the orc's attack.
You thump the orc!
You kill the orc!
Your Armour skill increases to level 4!
You barely miss the iguana. The iguana bites you. x2
* * * LOW HITPOINT WARNING * * *
Unknown command.
You aren't carrying any potions.
You barely miss the iguana. You block the iguana's attack.
You sock the iguana!
The iguana is severely wounded.
The iguana bites you but does no damage.
The orc priest looks braver for a moment.
You block the iguana's attack.
You barely miss the iguana.
The iguana is severely wounded.
The iguana bites you but does no damage.
You closely miss the iguana.
The iguana is severely wounded.
The iguana bites you!
You die...

.. # .#.# #. ...####
.# .## ....... ...##
.. ....... .....##
.##.......
....!.o###.........
......ool@.#.......
.......o##.........
..⌠.....##.#.......
.......###.########
.......#.#.#
......##...########
......#...........####
##...###.#####.......#
###.###.# #.##<##.#


You could see an iguana, an orc priest and 3 orcs.

Vanquished Creatures
  A centaur skeleton (D:4)
  Jessica (D:2)
  An adder (D:3)
  A worm (D:3)
  11 orcs
  4 bats (D:3)
  4 endoplasms
  3 goblins
  2 hobgoblins (D:2)
  2 quokkas
  5 ball pythons
  A frilled lizard (D:1)
  2 kobolds (D:1)
  2 rats (D:3)
  A spectral hobgoblin (D:2)
41 creatures vanquished.

Notes
Turn   | Place    | Note
-------+----------+-------------------------------------------
     0 | D:1      | zeram the Gargoyle Fighter began the quest for the Orb.
     0 | D:1      | Reached XP level 1. HP: 14/14 MP: 1/1
   317 | D:1      | You fall into a shaft and drop 1 floor!
   397 | D:2      | Reached XP level 2. HP: 19/19 MP: 2/2
   615 | D:2      | Found a faded altar of an unknown god.
   707 | D:2      | Noticed Jessica
   721 | D:2      | Killed Jessica
   722 | D:2      | Reached skill level 1 in Stealth
   722 | D:2      | Reached XP level 3. HP: 2/24 MP: 3/3
  1012 | D:2      | Found a hazy altar of Hepliaklqana.
  2059 | D:3      | Reached XP level 4. HP: 23/29 MP: 4/4
  2223 | D:3      | HP: 1/29 [orc (5)]
  2224 | D:3      | Gained mutation: You are dopey. (Int -2) [potion of
                  | mutation]
  3091 | D:4      | Reached XP level 5. HP: 27/33 MP: 5/5
  3154 | D:4      | Reached skill level 4 in Armour
  3158 | D:4      | Slain by an iguana

Illustrated notes

Levels and vault maps discovered:
D:1:      minmay_arrival_jagged, layout_basic, serial_shops,
          nicolae_shop_crystal
D:2:      layout_basic, basic_altar, dreamdust_ecumenical_altar_drowned_temple,
          minmay_curled_crystal, uniq_jessica
D:3:      layout_loops_corners, chequers_serial_rivers_room_a
D:4:      minmay_skewed_foursquare, layout_loops_cross,
          minmay_increasing_density

Skill      XL: |  1  2  3  4  5 |
---------------+----------------+-----
Stealth        | 1 2 |  2.0
Maces & Flails | 3 |  3.0
Armour         | 4 |  4.0
Fighting       | |  3.9
Dodging        | |  0.7
Shields        | |  3.8

Action                   |  1- 3 |  4- 6 || total
-------------------------+-------+-------++-------
Melee: Flail             |    76 |   104 ||   180
  Use: Scroll            |       |     3 ||     3
       Potion            |       |     3 ||     3
Armor: Scale mail        |    30 |    98 ||   128
Dodge: Dodged            |    26 |    50 ||    76
Block: Kite shield       |    46 |    97 ||   143
